 Dungeon Crawl Stone Soup version 0.17-a0-1646-geb1493d (console) character file.

911 Monkaria the Destroyer (level 7, -9/36 HPs)
             Began as a Deep Elf Conjurer on Aug 10, 2015.
             Was an Initiate of Vehumet.
             Mangled by Menkaure (17 damage)
             ... on level 5 of the Dungeon.
             The game lasted 00:10:07 (4712 turns).

Monkaria the Destroyer (Deep Elf Conjurer)          Turns: 4712, Time: 00:10:08

Health: -9/36      AC:  3    Str:  5    XL:     7   Next: 82%
Magic:  16/20      EV: 13    Int: 22    God:    Vehumet [......]
Gold:   1          SH:  0    Dex: 15    Spells: 4 memorised, 9 levels left

rFire  . . .     SeeInvis .     (no weapon)
rCold  . . .     Clarity  .     F - +0 robe {MR+}
rNeg   + . .     SustAt   .     (no shield)
rPois  .         Gourm    .     (no helmet)
rElec  .         Spirit   .     w - +0 cloak
rCorr  .         Warding  +     (no gloves)
rMut   .         Stasis   .     (no boots)
MR     +....                    e - amulet of warding
Stlth  ++........               (no ring)
                                H - ring of wizardry

@: somewhat resistant to hostile enchantments, unstealthy
A: no striking features
a: Renounce Religion


You were on level 5 of the Dungeon.
You worshipped Vehumet.
Vehumet was noncommittal.
You were not hungry.

You visited 2 branches of the dungeon, and saw 6 of its levels.

You collected 177 gold pieces.
You spent 176 gold pieces at shops.

Inventory:

Missiles
 i - 31 poisoned needles
Armour
 w - a +0 cloak (worn)
 F - a +0 robe of magic resistance (worn)
Jewellery
 e - an amulet of warding (around neck)
 p - an uncursed amulet of stasis
 H - a ring of wizardry (left hand)
Magical devices
 q - a wand of teleportation (1)
 y - a wand of teleportation (4)
Scrolls
 g - 6 scrolls of teleportation {unknown}
 k - 2 scrolls of remove curse {unknown}
 l - a scroll of fear {unknown}
 o - 3 scrolls of identify {unknown}
 s - a scroll of amnesia {unknown}
 t - 2 scrolls of enchant armour {unknown}
 B - a scroll of enchant weapon {unknown}
Potions
 f - a potion of might {unknown}
 h - a potion of heal wounds {unknown}
 j - 2 potions of lignification {unknown}
 n - a potion of degeneration {unknown}
 r - a potion of mutation {unknown}
 u - a potion of cancellation {unknown}
 v - 3 potions of curing {unknown}
 x - 2 potions of ambrosia {unknown}
 A - 2 potions of haste {unknown}
 D - a potion of brilliance {unknown}
 E - a potion of poison {unknown}
Books
 b - a book of Conjurations

   Spells                             Type                      Level
   a - Magic Dart                     Conjuration                  1
   b - Searing Ray                    Conjuration                  2
   c - Dazzling Spray                 Conjuration/Hexes            3
   d - Fulminant Prism                Conjuration/Hexes            4
   e - Iskenderun's Mystic Blast      Conjuration                  4
   f - Iskenderun's Battlesphere      Conjuration/Charms           5
 G - a book of the Tempests

   Spells                             Type                      Level
   a - Static Discharge               Conjuration/Air              3
   b - Lightning Bolt                 Conjuration/Air              5
   c - Fireball                       Conjuration/Fire             5
   d - Tornado                        Air                          9
   e - Shatter                        Earth                        9
Comestibles
 a - a chunk of flesh
 c - 4 bread rations
 d - 3 meat rations
 m - 2 slices of pizza
 z - a beef jerky
 C - 2 fruits


   Skills:
 - Level 2.4 Dodging
 - Level 2.4 Stealth
 + Level 7.5 Spellcasting
 - Level 9.1 Conjurations


You had 9 spell levels left.
You knew the following spells:

 Your Spells              Type           Power        Failure   Level  Hunger
a - Magic Dart            Conj           ####         1%          1    None
b - Searing Ray           Conj           #####.       1%          2    None
c - Iskenderun's Mystic   Conj           #####...     1%          4    ###....
d - Iskenderun's Battles  Conj/Chrm      ####....     16%         5    #####..


Dungeon Overview and Level Annotations

Branches:
Dungeon (5/15)             Temple (1/1) D:4

Altars:
Cheibriados
Dithmenos
Elyvilon
Fedhas
Gozag
Kikubaaqudgha
Okawaru
Ru
Sif Muna
Trog
Vehumet
Xom
Yredelemnul
Zin
The Shining One

Shops:
D:5 **

Annotations:
D:5 Menkaure


Message History

Found Muluenk's Assorted Antiques.
Menkaure is nearby!
Menkaure shouts!
Menkaure calls on the powers of darkness!
Your body is wracked with pain!
Menkaure points at you and mumbles some strange words.
You easily resist.
Casting: Magic Dart
Confirm with . or Enter, or press ? or * to list all spells.
Aiming: Searing Ray
Press: ? - help, Shift-Dir - straight line, f - Menkaure
Aim: Menkaure The searing ray misses Menkaure.
Menkaure hums drily.
Menkaure hits you!
* * * LOW HITPOINT WARNING * * *
The searing ray hits Menkaure.
Menkaure is moderately damaged.
Menkaure hits you!
You die...

## #.. .. ##.## ##.
...## ### .. .... ..
.# .### #..##.# .#...#
. #.... ####.##.#.#
#M.#####....#....#
#@.##....##...#
#####..##.##.##.∩.#.#
...<...)......##.....#
.∩###.###'###....#####
...# #.# #.#.## ##..#
#.# #.#.# ##.# #_.
+...# #.# #.# #...#
#.# #.# #.#.#


You could see Menkaure.

Vanquished Creatures
  Grinder (D:3)
  Sigmund (D:3)
  An ogre (D:4)
  A scorpion (D:4)
  A jelly (D:5)
  3 orc priests (D:3)
  Crazy Yiuf (D:3)
  Terence (D:3)
  2 orc wizards
  2 worker ants (D:4)
  Robin (D:2)
  6 adders
  2 oozes
  A worm (D:3)
  A giant gecko (D:2)
  10 orcs
  A ball python (D:1)
  10 bats
  A giant cockroach (D:2)
  15 goblins
  13 hobgoblins
  6 jackals
  10 kobolds
  3 giant newts
  4 rats
98 creatures vanquished.

Notes
Turn   | Place    | Note
--------------------------------------------------------------
     0 | D:1      | Monkaria the Deep Elf Conjurer began the quest for the Orb.
     0 | D:1      | Reached XP level 1. HP: 10/10 MP: 6/6
   216 | D:1      | Reached XP level 2. HP: 15/15 MP: 4/8
   305 | D:1      | Reached skill level 5 in Conjurations
   758 | D:1      | Reached XP level 3. HP: 16/19 MP: 0/9
  1273 | D:2      | Noticed Robin
  1371 | D:1      | Learned a level 2 spell: Searing Ray
  1383 | D:2      | Killed Robin
  1436 | D:1      | Reached skill level 6 in Conjurations
  1533 | D:2      | Found a snail-covered altar of Cheibriados.
  1577 | D:2      | Reached XP level 4. HP: 24/24 MP: 2/10
  2038 | D:3      | Noticed Grinder
  2372 | D:2      | Learned a level 4 spell: Iskenderun's Mystic Blast
  2600 | D:3      | Noticed Crazy Yiuf
  2617 | D:3      | Killed Crazy Yiuf
  2706 | D:3      | Paralysed by Grinder for 7 turns
  2720 | D:3      | Killed Grinder
  2720 | D:3      | Reached skill level 8 in Conjurations
  2720 | D:3      | Reached XP level 5. HP: 14/28 MP: 1/11
  2720 | D:3      | Reached XP level 6. HP: 16/32 MP: 1/12
  2848 | D:3      | Noticed Sigmund
  2945 | D:3      | Noticed Terence
  2949 | D:3      | Killed Terence
  3258 | D:3      | Reached skill level 9 in Conjurations
  3542 | D:3      | Found a shadowy altar of Dithmenos.
  3781 | D:3      | Killed Sigmund
  3781 | D:3      | Reached skill level 5 in Spellcasting
  3781 | D:3      | Reached XP level 7. HP: 31/36 MP: 6/16
  3836 | D:4      | Learned a level 5 spell: Iskenderun's Battlesphere
  4530 | D:4      | Found a staircase to the Ecumenical Temple.
  4539 | Temple   | Entered the Ecumenical Temple
  4600 | Temple   | Became a worshipper of Vehumet
  4669 | D:5      | Entered Level 5 of the Dungeon
  4686 | D:5      | Found Cohav's Assorted Antiques.
  4697 | D:5      | Bought a pink potion for 23 gold pieces
  4697 | D:5      | Bought a cabochon ring for 130 gold pieces
  4697 | D:5      | Bought a red potion for 23 gold pieces
  4707 | D:5      | Found a shimmering altar of Xom.
  4708 | D:5      | Found Muluenk's Assorted Antiques.
  4708 | D:5      | Noticed Menkaure
  4712 | D:5      | Mangled by Menkaure

Vault maps used:
D:1:      dpeg_arrival_boxorama, minmay_misc_feat_cross, minmay_bisected
D:2:      kennysheep_big_flooded_room, lemuel_round_altar, uniq_robin
D:3:      minmay_misc_feat_tower, grunt_dithmenos_smoke_and_mirrors,
          uniq_crazy_yiuf_cottage, uniq_sigmund, uniq_terence, uniq_grinder
D:4:      temple_green, first_bread
D:5:      kennysheep_steamy, kennysheep_little_box, lemuel_doored_altar,
          serial_shops, kennysheep_mini_moat, shop, nicolae_shop_stone, shop,
          nicolae_shop_stone, uniq_menkaure
Temple:   nicolae_temple_god_jail

Action                   |  1- 3 |  4- 6 |  7- 9 || total
-------------------------+-------+-------+-------++-------
Melee: Unarmed           |    12 |    21 |       ||    33
 Cast: Magic Dart        |    87 |    59 |    27 ||   173
       Searing Ray       |     2 |    14 |     6 ||    22
  Eat: Chunk             |     2 |     7 |     3 ||    12
